 Dungeon Crawl Stone Soup version 0.31-a0-705-ga145531891 (webtiles) character file.

Game seed: 212697335108009671

86 qw the Shooter (level 4, 0/28 HPs)
             Began as a Gargoyle Hunter on Sept 9, 2023.
             Slain by Natasha (3 damage)
             ... on level 2 of the Dungeon.
             The game lasted 00:00:39 (1259 turns).

qw the Shooter (Gargoyle Hunter)                    Turns: 1259, Time: 00:00:40

Health: 0/28       AC:  7    Str: 14 (15) XL:     4   Next: 50%
Magic:  4/4        EV: 11    Int:  7 (9)  God:
Gold:   12         SH:  0    Dex: 14 (15) Spells: 3/3 levels left

rFire   . . .        Y - +0 shortbow
rCold   . . .        (shield currently unavailable)
rNeg    + . .        c - +0 leather armour
rPois   inf          f - +0 helmet
rElec   +            (no cloak)
rCorr   .            (no gloves)
SInv    .            (no boots)
Will    .....        (no amulet)
Stlth   +            (no ring)
HPRegen 0.24/turn    (no ring)
MPRegen 0.09/turn

%: no passive effects
@: no status effects
A: sickness immunity, AC +3, negative energy resistance 1, electricity
resistance, torment resistance 1, petrification resistance
a: no special abilities


You were on level 2 of the Dungeon.
You visited 1 branch of the dungeon, and saw 3 of its levels.

You collected 12 gold pieces.


Innate Abilities, Weirdness & Mutations

You are immune to sickness and miasma.
Your stone body is resilient. (AC +3)
You are immune to poison.
You resist negative energy. (rN+)
You are resistant to electric shocks. (rElec)
You are resistant to unholy torment.
You are immune to petrification.


   Skills:
 - Level 3.0 Fighting
 + Level 5.5 Ranged Weapons
 - Level 1.5 Dodging
 - Level 1.1 Stealth


You had 3 spell levels left.
You didn't know any spells.
Your spell library was empty.

Inventory:

Hand Weapons
 Y - a +0 shortbow (weapon)
Armour
 c - a +0 leather armour (worn)
 f - a +0 helmet (worn)
Potions
 a - a potion of heal wounds {unknown}
 e - a potion of enlightenment {unknown}
 h - a potion of curing {unknown}

Dungeon Overview and Level Annotations

Branches:
Dungeon (3/15)

Altars:

Annotations:
D:2 Natasha


Message History

You shoot an arrow. The arrow closely misses Natasha.
The arrow closely misses the cerulean imp.
Natasha claws you.
1249 ||| STAIRDANCE Natasha claws you.
You climb upwards.
The cerulean imp disappears in a puff of smoke!
There is a stone staircase leading down here.
You shoot an arrow.
The arrow hits Natasha but does no damage.
Natasha barely misses you.
You shoot an arrow. The arrow closely misses Natasha.
Natasha mumbles some strange words.
You shoot an arrow. The arrow hits Natasha.
Natasha is moderately wounded.
Natasha barely misses you.
The cerulean imp hits you but does no damage.
You shoot an arrow. The arrow barely misses Natasha.
Natasha closely misses you. The cerulean imp misses you.
You shoot an arrow. The arrow hits Natasha.
Natasha is severely wounded.
Natasha casts a spell at you. The magic dart hits you.
The cerulean imp hits you but does no damage.
Natasha claws you.
You shoot an arrow. The arrow barely misses Natasha.
The cerulean imp barely misses you. Natasha claws you.
You shoot an arrow. The arrow hits Natasha.
Natasha is almost dead.
The cerulean imp hits you with a +0 spear.
Natasha closely misses you.
The cerulean imp hits you but does no damage.
You shoot an arrow. The arrow closely misses Natasha.
Natasha casts a spell at you. The magic dart hits you.
The cerulean imp hits you but does no damage.
You shoot an arrow. The arrow barely misses Natasha.
Natasha claws you.
You die...
Natasha begins licking her fur clean.

.%.........#...##.###......#.#...
.#............###........###.##.#
..........##..#####..###........#
.......[..##.........# #..##.##.#
..........##.#####..## ##..#.####
#.........##........# ##.#.#
#.........#####.....######.#.####
##.............5.................
##.....###..##.@...######.....##
####### #####h.[..# #.....#
#.....# ####### #######


You could see Natasha and a cerulean imp (summoned).

Vanquished Creatures
  Terence (D:2)
  An adder (D:2)
  A worm (D:2)
  3 dart slugs
  7 ball pythons
  5 bats
  2 endoplasms (D:1)
  2 giant cockroaches
  3 goblins
  4 hobgoblins
  2 jackals (D:2)
  A quokka (D:1)
  2 frilled lizards (D:1)
  3 kobolds
  6 rats
43 creatures vanquished.

Notes
Turn   | Place    | Note
-------+----------+-------------------------------------------
     0 | D:1      | qw the Gargoyle Hunter began the quest for the Orb.
     0 | D:1      | Reached XP level 1. HP: 12/12 MP: 1/1
     0 | D:1      | 0 ||| qw: Version: 0.3-a-80-g4c0dc69
     0 | D:1      | 0 ||| qw: Game counter: 1348
     0 | D:1      | 0 ||| qw: Melee chars always use a shield: true
     0 | D:1      | 0 ||| qw: God list: Okawaru
     0 | D:1      | 0 ||| qw: Allow faded altars: false
     0 | D:1      | 0 ||| qw: Do Orc after clearing Dungeon:15 true
     0 | D:1      | 0 ||| qw: Do second Lair branch before Depths: true
     0 | D:1      | 0 ||| qw: Lair rune preference: random
     0 | D:1      | 0 ||| qw: Goals: Normal
     0 | D:1      | 0 ||| PLANNING D:1-11
   136 | D:1      | Reached XP level 2. HP: 17/17 MP: 2/2
   453 | D:1      | Reached XP level 3. HP: 21/21 MP: 3/3
   465 | D:1      | Reached skill level 5 in Ranged Weapons
   644 | D:1      | 644 ||| UPGRADING to +0 helmet.
   649 | D:1      | 649 ||| READING scroll labelled WUPTASTR IWNOE.
   653 | D:1      | 653 ||| READING scroll labelled EPHESM QYULAO.
   654 | D:1      | 654 ||| DROPPING scroll of butterflies.
   726 | D:2      | Reached skill level 3 in Fighting
   822 | D:2      | Reached XP level 4. HP: 28/28 MP: 4/4
   964 | D:2      | Found a faded altar of an unknown god.
  1089 | D:2      | 1089 ||| READING scroll labelled FOPPELA ACKIUCW.
  1090 | D:2      | 1090 ||| READING 3 scrolls labelled ZAFUVEGHED.
  1091 | D:2      | 1091 ||| DRINKING 2 yellow potions.
  1092 | D:2      | 1092 ||| DROPPING 2 scrolls of fog.
  1093 | D:2      | 1093 ||| DROPPING potion of degeneration.
  1126 | D:3      | Noticed Terence
  1132 | D:3      | Noticed Natasha
  1133 | D:3      | 1133 ||| STAIRDANCE
  1141 | D:2      | HP: 4/28 [Terence/+0 flail (5)]
  1147 | D:2      | Killed Terence
  1249 | D:3      | 1249 ||| STAIRDANCE
  1257 | D:2      | HP: 7/28 [cerulean imp/+0 spear[Natasha] (5)]
  1258 | D:2      | HP: 3/28 [Natasha/magic dart (5)]
  1259 | D:2      | Slain by Natasha

Levels and vault maps discovered:
D:1:      dpeg_arrival_fog, layout_basic, columned_hall_lemuel
D:2:      layout_rooms, shapermc_ecumenical_altar_mp_ritualfount
D:3:      layout_rooms, uniq_natasha, uniq_terence

Skill      XL: |  1  2  3 |
---------------+----------+-----
Ranged Weapons | 5 |  5.5
Fighting       | 3 |  3.0
Dodging        | |  1.5
Stealth        | |  1.1

Action                     |  1- 3 |  4- 6 || total
---------------------------+-------+-------++-------
   Fire: Shortbow          |   133 |    37 ||   170
    Use: Scroll            |     2 |     2 ||     4
         Potion            |       |     1 ||     1
 Armour: Leather armour    |    29 |    24 ||    53
  Dodge: Dodged            |    28 |    14 ||    42

Table legend:
 A = Non-vault XP
 B = Vault XP
 C = Vault XP percentage of total XP
 D = Non-vault monster count
 E = Vault monster count
 F = Vault count percentage of total count
                 A         B        C        D         E       F
            +---------+---------+-------+---------+---------+-------
      Total |      88 |      36 |  29.0 |      42 |       1 |   2.3
            +---------+---------+-------+---------+---------+-------
        D:1 |      42 |       0 |   0.0 |      23 |       0 |   0.0
        D:2 |      44 |      36 |  45.0 |      18 |       1 |   5.3
        D:3 |       2 |       0 |   0.0 |       1 |       0 |   0.0
            +---------+---------+-------+---------+---------+-------
